 Dungeon Crawl Stone Soup version 0.17.0-56-gd8de76c (webtiles) character file.

575 Ijustatesigmund the Charmwright (level 7, -3/36 HPs)
             Began as a Deep Elf Conjurer on Dec 4, 2015.
             Shot with an arrow by a centaur (6 damage)
             ... on level 5 of the Dungeon.
             The game lasted 00:17:07 (3580 turns).

Ijustatesigmund the Charmwright (Deep Elf Conjurer) Turns: 3580, Time: 00:17:07

Health: -3/36      AC:  3    Str:  5    XL:     7   Next: 12%
Magic:  10/15      EV: 13    Int: 22    God:
Gold:   297        SH:  0    Dex: 15    Spells: 5 memorised, 2 levels left

rFire  . . .     SeeInvis .     n - +5 dagger (speed)
rCold  . . .     Clarity  .     a - +0 robe
rNeg   . . .     SustAt   .     (no shield)
rPois  .         Gourm    .     (no helmet)
rElec  .         Spirit   .     (no cloak)
rCorr  +         Warding  .     (no gloves)
rMut   .         Stasis   .     f - +0 pair of boots
MR     .....                    d - amulet of resist corrosion
Stlth  ++++......               o - ring of wizardry
                                i - ring of stealth

@: not resistant to hostile enchantments, stealthy
A: no striking features
a: no special abilities


You were on level 5 of the Dungeon.
You were not hungry.

You visited 2 branches of the dungeon, and saw 6 of its levels.

You collected 297 gold pieces.

Inventory:

Hand Weapons
 n - a +5 dagger of speed (weapon)
 s - a +0 dagger of draining
 t - a cursed -3 dagger
 u - a cursed -1 long sword
Armour
 a - a +0 robe (worn)
 f - a +0 pair of boots (worn)
Jewellery
 d - an amulet of resist corrosion (around neck)
 g - a +3 ring of dexterity
 i - a ring of stealth (left hand)
 o - a ring of wizardry (right hand)
Scrolls
 e - 2 scrolls of remove curse
 j - 2 scrolls of identify
 m - 2 scrolls of recharging
 r - a scroll of enchant weapon
Books
 b - a book of Conjurations

   Spells                             Type                      Level
   a - Magic Dart                     Conjuration                  1
   b - Searing Ray                    Conjuration                  2
   c - Dazzling Spray                 Conjuration/Hexes            3
   d - Fulminant Prism                Conjuration/Hexes            4
   e - Iskenderun's Mystic Blast      Conjuration                  4
   f - Iskenderun's Battlesphere      Conjuration/Charms           5
 l - a book of Cantrips

   Spells                             Type                      Level
   a - Corona                         Hexes                        1
   b - Animate Skeleton               Necromancy                   1
   c - Summon Small Mammal            Summoning                    1
   d - Apportation                    Translocation                1
Comestibles
 c - 2 bread rations
 h - 2 meat rations
 k - a chunk of flesh


   Skills:
 - Level 2.0 Short Blades
 - Level 3.0 Dodging
 + Level 4.0 Stealth
 - Level 4.0 Spellcasting
 - Level 5.9 Conjurations
 - Level 2.4 Hexes
 - Level 6.4 Charms


You had 2 spell levels left.
You knew the following spells:

 Your Spells              Type           Power        Failure   Level  Hunger
a - Magic Dart            Conj           ####         1%          1    None
b - Searing Ray           Conj           ####..       1%          2    #......
c - Dazzling Spray        Conj/Hex       ###.....     3%          3    ###....
d - Apportation           Tloc           #.........   4%          1    None
e - Iskenderun's Battles  Conj/Chrm      ####....     12%         5    ######.


Dungeon Overview and Level Annotations

Branches:
Dungeon (5/15)             Temple (1/1) D:5

Altars:
Ashenzari
Dithmenos
Elyvilon
Fedhas
Kikubaaqudgha
Makhleb
Nemelex Xobeh
Ru
Trog
Yredelemnul
Zin

Annotations:
D:3 Natasha, Sigmund


Message History

The orc priest is moderately wounded.
The orc priest is dazzled.
The orc priest closely misses you. The orc priest hits you.
* * * LOW HITPOINT WARNING * * *
The orc priest is no longer blind.
The orc priest invokes the aid of Beogh against you.
Pain shoots through your body!
* * * LOW HITPOINT WARNING * * *
Casting: Dazzling Spray
Confirm with . or Enter, or press ? or * to list all spells.
Aiming: Dazzling Spray
Press: ? - help, Shift-Dir - straight line, f/p - orc priest
Aim: an orc priest, wearing a scale mail (moderately wounded)
The spray of energy hits the orc priest.
The orc priest is almost dead.
The orc priest is dazzled.
The orc priest is no longer blind.
There is an open door here.
The centaur wields a shortbow.
The centaur shoots an arrow.
The arrow hits you.
You die...

# # #.#############
###......o.c.c..#
..........#####.#
##################...o.#
#)#
................@'.....#
#.#
##################.....#
#o# ............#
#.....# #.#
.....######.## #.....#
#.# .....# #..# #.....#
#)# .....##
##.#####.....# #..
......# #........#'###
.(..>.# #...........
......# #.'#######+


You could see a centaur, an orc priest (wandering) and an orc.

Vanquished Creatures
  A centaur (D:5)
  A crimson imp (D:5)
  A jelly (D:5)
  An orc priest (D:4)
  A giant frog skeleton (D:5)
  An iguana (D:4)
  Jessica (D:2)
  A gnoll shaman (D:4)
  Natasha (D:3)
  3 orc wizards (D:4)
  2 worker ants
  A hound skeleton (D:5)
  4 gnolls (D:4)
  6 adders
  An adder skeleton (D:4)
  A worm (D:2)
  3 giant geckos
  6 orcs
  3 bats
  4 giant cockroaches
  4 hobgoblins
  3 jackals (D:4)
  A quokka (D:2)
  A ball python (D:2)
  3 giant newts
  3 goblins
  A jackal skeleton (D:4)
  A quokka zombie (D:5)
  19 rats
  A butterfly (D:5)
80 creatures vanquished.

Notes
Turn   | Place    | Note
--------------------------------------------------------------
     0 | D:1      | Ijustatesigmund the Deep Elf Conjurer began the quest for the Orb.
     0 | D:1      | Reached XP level 1. HP: 10/10 MP: 6/6
   354 | D:1      | Reached XP level 2. HP: 15/15 MP: 4/8
   358 | D:1      | Learned a level 2 spell: Searing Ray
   875 | D:2      | Reached XP level 3. HP: 19/19 MP: 6/10
   880 | D:2      | Learned a level 3 spell: Dazzling Spray
  1164 | D:2      | Found a glowing silver altar of Zin.
  1288 | D:2      | Reached skill level 1 in Hexes
  1449 | D:2      | Noticed Jessica
  1453 | D:2      | Killed Jessica
  1453 | D:2      | Reached XP level 4. HP: 24/24 MP: 8/12
  1762 | D:3      | Found a basalt altar of Yredelemnul.
  1853 | D:3      | Noticed Natasha
  1859 | D:3      | Killed Natasha
  1859 | D:3      | Reached skill level 1 in Short Blades
  1859 | D:3      | Reached skill level 5 in Conjurations
  1860 | D:3      | Noticed Sigmund
  1870 | D:3      | Learned a level 1 spell: Apportation
  1888 | D:3      | Noticed Natasha
  1917 | D:4      | Reached XP level 5. HP: 24/28 MP: 4/13
  1964 | D:4      | Learned a level 5 spell: Iskenderun's Battlesphere
  2361 | D:4      | Reached skill level 1 in Charms
  2716 | D:4      | Reached XP level 6. HP: 32/32 MP: 6/14
  2881 | D:4      | Reached skill level 5 in Charms
  3034 | D:5      | Entered Level 5 of the Dungeon
  3034 | D:5      | Found a staircase to the Ecumenical Temple.
  3121 | D:5      | Reached skill level 6 in Charms
  3243 | D:5      | Found a sparkling altar of Nemelex Xobeh.
  3282 | D:5      | Reached XP level 7. HP: 36/36 MP: 7/15
  3363 | D:5      | Found a sacrificial altar of Ru.
  3436 | Temple   | Entered the Ecumenical Temple
  3580 | D:5      | Shot with an arrow by a centaur

Action                   |  1- 3 |  4- 6 |  7- 9 || total
-------------------------+-------+-------+-------++-------
Melee: Dagger            |       |    11 |    10 ||    21
 Cast: Magic Dart        |    59 |    64 |    37 ||   160
       Searing Ray       |       |     7 |       ||     7
       Dazzling Spray    |       |     2 |     2 ||     4
       Iskenderun's Batt |       |     3 |       ||     3
  Use: Scroll            |     3 |     6 |       ||     9
       Potion            |       |     1 |     1 ||     2
 Stab: Sleeping          |       |     1 |       ||     1
  Eat: Chunk             |     1 |     5 |     2 ||     8
       Beef jerky        |       |     1 |       ||     1
